 Dungeon Crawl Stone Soup version 0.25-a0-425-g0e000e855e (webtiles) character file.

Game seed: 9683459784919516614, levelgen mode: deterministic

3532 Kohma the Transmogrifier (level 9, -2/74 HPs)
             Began as a White Draconian Transmuter on Jan 24, 2020.
             Slain by an orc warrior
             ... wielding a +0 war axe
              (11 damage)
             ... on level 7 of the Dungeon.
             The game lasted 00:24:55 (9180 turns).

Kohma the Transmogrifier (DrTm)                     Turns: 9180, Time: 00:24:56

Health: -2/74      AC:  8    Str: 12    XL:     9   Next: 82%
Magic:  14/14      EV: 12    Int: 20    God:
Gold:   87         SH:  0    Dex: 11    Spells: 4/15 levels left

rFire    + . .     SeeInvis .     - Unarmed
rCold    + . .     Gourm    .   (shield currently unavailable)
rNeg     . . .     Faith    .   (armour unavailable)
rPois    .         Spirit   .   (helmet restricted)
rElec    .         Reflect  .   (no cloak)
rCorr    .         Harm     .   (gloves currently unavailable)
MR       .....                  D - +0 pair of boots {run}
Stlth    ++........             (no amulet)
HPRegen  0.22/turn              p - ring "Bylecid" {rF+ Int+2 Slay+1 Stlth+}
MPRegen  0.14/turn              q - +1 ring of slaying (curse)

@: blade hands, quick
A: breathe frost, unfitting armour, cold resistance 1, cold-blooded, AC +7
a: Breathe Frost, End Transformation


You were on level 7 of the Dungeon.
You were very hungry.
You had blades for hands.
You visited 1 branch of the dungeon, and saw 7 of its levels.

You collected 289 gold pieces.
You spent 202 gold pieces at shops.

Inventory:

Hand Weapons
 E - a cursed -1 whip
Missiles
 a - 132 arrows
 g - 42 bolts
 k - 257 stones (quivered)
 n - 13 poisoned darts
Armour
 r - a +0 buckler
 w - a +0 large shield
 D - a +0 pair of boots of running (worn)
Magical Staves
 H - an uncursed staff of summoning {unknown}
Jewellery
 p - the ring "Bylecid" (left scythe-like blade) {rF+ Int+2 Slay+1 Stlth+}
   (You found it on level 4 of the Dungeon)

   [ring of slaying]

   It affects your intelligence (+2).
   It affects your accuracy and damage with ranged weapons and melee attacks
   (+1).
   It protects you from fire.
   It makes you more stealthy.
 q - a cursed +1 ring of slaying (right scythe-like blade)
Wands
 u - a wand of random effects (17)
 x - a wand of iceblast (5)
 y - a wand of flame (16)
Scrolls
 e - 6 scrolls of remove curse
 i - 2 scrolls of noise
 l - a scroll of fear
 m - 2 scrolls of enchant weapon
 s - 2 scrolls of immolation
Potions
 b - a potion of lignification {unknown}
 d - a potion of invisibility {unknown}
 f - 2 potions of curing
 h - 2 potions of mutation
 j - 2 potions of brilliance
 o - 2 potions of flight
 t - a potion of heal wounds {unknown}
 z - a potion of degeneration {unknown}
 B - 2 potions of agility
 C - a potion of might {unknown}
Comestibles
 c - 14 rations


   Skills:
 - Level 5.1 Fighting
 - Level 2.0 Dodging
 + Level 8.3 Unarmed Combat
 - Level 3.7 Spellcasting
 - Level 10.0 Transmutations
 - Level 2.6 Poison Magic


You had 4 spell levels left.
You knew the following spells:

 Your Spells              Type           Power        Failure   Level  Hunger
a - Beastly Appendage     Tmut           #####.       9%          1    None
b - Sticks to Snakes      Tmut           #####...     10%         2    ##.....
c - Spider Form           Tmut/Pois      ####......   26%         3    ###....
d - Blade Hands           Tmut           #####.....   36%         5    ######.

Your spell library contained the following spells:

 Spells                   Type           Power        Failure   Level  Hunger
 Ice Form                 Ice/Tmut       ###.....     58%         4    ####...


Dungeon Overview and Level Annotations

Branches:
Dungeon (7/15)
 Temple: D:4-7

Altars:
Cheibriados
Elyvilon
Gozag
Hepliaklqana
Vehumet
Yredelemnul

Shops:
D:6 [


Innate Abilities, Weirdness & Mutations

You can breathe waves of freezing cold.
You can buffet flying creatures when you breathe cold.
Your icy white scales are hard. (AC +7)
You cannot fit into any form of body armour.
Your flesh is cold resistant. (rC+)
You are cold-blooded and may be slowed by cold attacks.


Message History

You barely miss the orc wizard.
The orc wizard hits you but does no damage.
You slash the orc wizard!
You kill the orc wizard!
The orc warrior hits you with a +0 war axe!
* * * LOW HITPOINT WARNING * * *
An orc wizard comes into view. It is wielding a +0 dagger.
An orc priest comes into view.
Okay, then.
You feel better.
The orc warrior hits you with a +0 war axe!
* * * LOW HITPOINT WARNING * * *
Magic courses through your body.
An orc comes into view. It is wielding a -1 short sword.
The orc warrior barely misses you.
You hit the orc warrior.
You slash the orc warrior, but do no damage.
The orc warrior is lightly wounded.
The orc warrior hits you with a +0 war axe!
You die...

......# ##...........
##†...####.......#
..)).†.##.......##.#.
#..##...)".##........
##..###..###..########
###...####...###.....#
..........o..###.....#
......##....oO()o....#
......##......†#@....#
#####.##.......#.....#
# .####...######### #
.# #...# ## .# ##..#
.# #..# .# #.. .# .#


You could see an orc warrior, an ogre, an orc wizard (wandering) and an orc.

Vanquished Creatures
  Pikel (D:5)
  Grinder (D:3)
  Sigmund (D:4)
  Eustachio (D:5)
  Duvessa (D:6)
  An orc warrior (D:6)
  A slave (D:5)
  A black bear (D:6)
  An ice beast (D:7)
  2 sky beasts (D:5)
  4 centaurs
  A big kobold (D:7)
  2 bullfrogs
  Dowan (D:6)
  4 scorpions
  3 wights (D:7)
  3 crimson imps
  A howler monkey (D:5)
  7 orc priests
  3 hounds
  4 iguanas
  5 orc wizards
  5 worker ants
  Ijyb (D:5)
  Natasha (thrice) (D:2)
  9 adders
  2 shadow imps
  3 oozes
  An adder skeleton (D:4)
  2 worms (D:2)
  5 leopard geckos
  20 orcs
  4 giant cockroaches
  5 goblins
  6 hobgoblins
  16 jackals
  13 kobolds
  4 quokkas
  10 bats
  6 frilled lizards
  4 rats
168 creatures vanquished.

Vanquished Creatures (collateral kills)
  A bat (D:2)
1 creature vanquished.

Vanquished Creatures (others)
  A worm (D:5)
1 creature vanquished.

Grand Total: 170 creatures vanquished

Notes
Turn   | Place    | Note
-------+----------+-------------------------------------------
     0 | D:1      | Kohma the Draconian Transmuter began the quest for the Orb.
     0 | D:1      | Reached XP level 1. HP: 16/16 MP: 3/3
   395 | D:1      | Reached XP level 2. HP: 23/23 MP: 3/5
   399 | D:1      | Learned a level 2 spell: Sticks to Snakes
   596 | D:2      | Reached skill level 3 in Transmutations
   838 | D:2      | Noticed Natasha
   842 | D:2      | Noticed a crimson imp
  1005 | D:2      | Reached XP level 3. HP: 23/28 MP: 4/6
  1055 | D:2      | Learned a level 3 spell: Spider Form
  1348 | D:2      | Killed Natasha
  1348 | D:2      | Reached skill level 4 in Transmutations
  1457 | D:2      | Reached XP level 4. HP: 22/35 MP: 0/7
  1594 | D:2      | Noticed Natasha
  1606 | D:2      | Killed Natasha
  2410 | D:2      | Noticed Natasha
  2417 | D:2      | Killed Natasha
  2417 | D:2      | Reached skill level 5 in Transmutations
  2417 | D:2      | Reached XP level 5. HP: 40/40 MP: 4/8
  3828 | D:3      | Found a faded altar of an unknown god.
  4138 | D:4      | Noticed Grinder
  4162 | D:3      | Killed Grinder
  4162 | D:3      | Reached skill level 6 in Transmutations
  4162 | D:3      | Reached XP level 6. HP: 39/47 MP: 7/9
  4368 | D:4      | Reached skill level 7 in Transmutations
  4368 | D:4      | Your scales start taking on an icy white colour.
  4368 | D:4      | Reached XP level 7. HP: 24/52 MP: 8/10
  4368 | D:4      | Gained mutation: Your flesh is cold resistant. (rC+) [White
                  | Draconian growth]
  4757 | D:4      | Noticed Sigmund
  5377 | D:4      | Got a slimy platinum ring
  6101 | D:4      | Killed Sigmund
  6101 | D:4      | Reached skill level 8 in Transmutations
  6865 | D:5      | Entered Level 5 of the Dungeon
  6898 | D:5      | Learned a level 5 spell: Blade Hands
  6955 | D:5      | Reached XP level 8. HP: 12/62 MP: 10/12
  7218 | D:5      | Noticed Ijyb
  7225 | D:5      | Killed Ijyb
  7249 | D:5      | Noticed Pikel
  7269 | D:5      | Killed Pikel
  7413 | D:5      | Noticed Eustachio
  7425 | D:5      | Killed Eustachio
  7449 | D:5      | Reached skill level 5 in Unarmed Combat
  8035 | D:6      | Reached XP level 9. HP: 64/73 MP: 3/14
  8039 | D:6      | Reached skill level 9 in Transmutations
  8044 | D:6      | Reached skill level 5 in Fighting
  8216 | D:6      | Found Ykyhow's Antique Armour Shoppe.
  8220 | D:6      | Bought a pair of glowing boots for 202 gold pieces
  8225 | D:6      | Identified a +0 pair of boots of running (You bought it in
                  | a shop on level 6 of the Dungeon)
  8258 | D:6      | Found a hazy altar of Hepliaklqana.
  8258 | D:6      | Found a white marble altar of Elyvilon.
  8279 | D:6      | Found a snail-covered altar of Cheibriados.
  8286 | D:6      | Identified the ring "Bylecid" {rF+ Int+2 Slay+1 Stlth+}
                  | (You found it on level 4 of the Dungeon)
  8296 | D:6      | Found a radiant altar of Vehumet.
  8298 | D:6      | Found an opulent altar of Gozag.
  8339 | D:6      | Noticed Duvessa
  8340 | D:6      | Noticed Dowan
  8350 | D:6      | Killed Duvessa
  8353 | D:6      | Killed Dowan
  8570 | D:6      | Found a basalt altar of Yredelemnul.
  9051 | D:7      | Reached skill level 10 in Transmutations
  9180 | D:7      | Slain by an orc warrior

Levels and vault maps discovered:
D:1:      minmay_arrival_semitransparent, layout_rooms
D:2:      layout_loops_corners, uniq_natasha
D:3:      layout_rooms, serial_corexii_hall, corexii_hall_statues_u,
          corexii_hall_statues_deadend, chequers_ecumenical_altar_lobes
D:4:      layout_basic, uniq_grinder, uniq_sigmund
D:5:      layout_loops_ring, first_ration, uniq_pikel, uniq_ijyb, uniq_eustachio
D:6:      layout_basic, lemuel_round_altar, grunt_temple_overflow_open,
          serial_shops, shop_fountains, uniq_duvessa
D:7:      layout_loops_cross, minmay_temple_entry_mist, minmay_misc_feat_iff

Skill      XL: |  1  2  3  4  5  6  7  8  9 |
---------------+----------------------------+-----
Dodging        | 2 |  2.0
Transmutations | 3 4 5 6 7 8 10 | 10.0
Poison Magic   | 2 |  2.6
Fighting       | 2 4 5 |  5.1
Unarmed Combat | 5 8 |  8.3
Spellcasting   | 3 |  3.7

Action                   |  1- 3 |  4- 6 |  7- 9 || total
-------------------------+-------+-------+-------++-------
Melee: Unarmed           |    90 |   168 |   272 ||   530
       Kick              |     6 |     3 |       ||     9
       Tailslap          |     7 |     9 |     8 ||    24
       Headbutt          |     1 |     6 |       ||     7
       Punch             |     1 |       |     2 ||     3
 Cast: Beastly Appendage |    16 |    14 |     2 ||    32
       Sticks to Snakes  |     3 |       |       ||     3
       Spider Form       |     3 |    14 |    18 ||    35
       Blade Hands       |       |       |    15 ||    15
 Abil: Breathe Frost     |       |       |     2 ||     2
  Use: Scroll            |       |     9 |     5 ||    14
       Potion            |       |       |     3 ||     3
  Eat: Chunk             |     2 |    12 |    15 ||    29
       Ration            |       |       |     2 ||     2
Armor: Skin              |    37 |    61 |    31 ||   129
Dodge: Dodged            |    59 |   139 |   147 ||   345

Table legend:
 A = Non-vault XP
 B = Vault XP
 C = Vault XP percentage of total XP
 D = Non-vault monster count
 E = Vault monster count
 F = Vault count percentage of total count
                 A         B        C        D         E       F
            +---------+---------+-------+---------+---------+-------
      Total |    3372 |    1674 |  33.2 |     160 |       8 |   4.8
            +---------+---------+-------+---------+---------+-------
        D:1 |      24 |       0 |   0.0 |      11 |       0 |   0.0
        D:2 |     149 |      35 |  19.0 |      26 |       1 |   3.7
        D:3 |      66 |     286 |  81.2 |      21 |       1 |   4.5
        D:4 |     601 |     223 |  27.1 |      28 |       1 |   3.4
        D:5 |     470 |     899 |  65.7 |      17 |       3 |  15.0
        D:6 |     943 |     231 |  19.7 |      29 |       2 |   6.5
        D:7 |    1119 |       0 |   0.0 |      28 |       0 |   0.0
            +---------+---------+-------+---------+---------+-------
